 Dungeon Crawl Stone Soup version 0.23.2 (webtiles) character file.

Game seed: 16109915087933895372

86 Marnok the Insei (level 4, -1/33 HPs)
             Began as a Demonspawn Gladiator on Apr 3, 2019.
             Slain by a quasit (2 damage)
             ... on level 5 of the Dungeon.
             The game lasted 00:06:17 (2011 turns).

Marnok the Insei (Demonspawn Gladiator)             Turns: 2011, Time: 00:06:17

Health: -1/33      AC:  6    Str: 15      XL:     4   Next: 26%
Magic:  4/4        EV: 13    Int:  9      God:
Gold:   137        SH:  0    Dex: 14 (15) Spells: 3/3 levels left

rFire    + . .     SeeInvis .   m - +1 spear
rCold    x . .     Gourm    .   (no shield)
rNeg     . . .     Faith    .   q - +0 leather armour
rPois    .         Spirit   .   e - +0 helmet
rElec    .         Reflect  .   p - +0 cloak
rCorr    .         Harm     .   (no gloves)
MR       .....                  (no boots)
Stlth    +.........             (no amulet)
HPRegen  0.11/turn              j - +1 ring of protection
MPRegen  0.09/turn              o - ring of fire

@: no status effects
A: powered by death 2
a: no special abilities


You were on level 5 of the Dungeon.
You were hungry.

You visited 1 branch of the dungeon, and saw 4 of its levels.

You collected 137 gold pieces.

Inventory:

Hand Weapons
 m - a +1 spear (weapon)
Missiles
 c - 3 throwing nets (quivered)
Armour
 e - a +0 helmet (worn)
 p - a +0 cloak (worn)
 q - a +0 leather armour (worn)
Jewellery
 j - a +1 ring of protection (left hand)
 o - a ring of fire (right hand)
Potions
 g - a potion of ambrosia {unknown}
 i - a potion of brilliance {unknown}
 k - a potion of curing
 n - a potion of flight {unknown}
Comestibles
 d - 5 rations
 w - 3 chunks of flesh


   Skills:
 + Level 2.3 Fighting
 + Level 1.0 Polearms
 + Level 1.8 Throwing
 + Level 1.6 Armour
 + Level 3.1 Dodging
 + Level 0.2 Stealth
 + Level 3.4 Unarmed Combat


You had 3 spell levels left.
You didn't know any spells.
Your spell library was empty.

Dungeon Overview and Level Annotations

Branches:
Dungeon (3/15)

Altars:


Innate Abilities, Weirdness & Mutations

You regenerate health from kills.


Message History

The quasit closely misses you. The quasit misses you. x2
Found 7 gold pieces.
The quasit misses you. The quasit closely misses you.
The quasit claws you but does no damage.
You see here 7 gold pieces.
You feel yourself speed up.
Your extra speed is starting to run out.
The quasit closely misses you.
The quasit claws you but does no damage.
The quasit claws you.
* * * LOW HITPOINT WARNING * * *
The quasit closely misses you.
The quasit claws you but does no damage. x2
You feel yourself slow down.
The centaur shoots an arrow.
The arrow hits you.
* * * LOW HITPOINT WARNING * * *
You see here an arrow.
You recover from your berserk rage.
The quasit bites you.
You die...

#.....## #.......
#Z.....### ##..Z###
#.#.##...## ##...#
#(#.##.#..####c#.##
#.#...............#
#...#############.#
#..## #.#c#.#(#
#c5# #.#.#..# #.@#
#c#.#..# ##.#
.#.#.#.#... #.#
#........... #..
............ #..
...#.......# #..#
.. ##.....## #.##
##...## #.# ##+##


You could see a centaur, a quasit and a howler monkey zombie.

Vanquished Creatures
  A worker ant (D:5)
  2 adders (D:2)
  2 oozes
  A dart slug (D:2)
  A leopard gecko (D:2)
  A ball python (D:2)
  7 bats
  A giant cockroach (D:1)
  5 jackals (D:1)
  9 kobolds
  3 frilled lizards
  3 goblins
  A rat (D:1)
37 creatures vanquished.

Notes
Turn   | Place    | Note
-------+----------+-------------------------------------------
     0 | D:1      | Marnok the Demonspawn Gladiator began the quest for the
                  | Orb.
     0 | D:1      | Reached XP level 1. HP: 16/16 MP: 1/1
   313 | D:1      | Gained mutation: You regenerate a little health from kills.
                  | [demonic ancestry]
   313 | D:1      | Reached XP level 2. HP: 11/22 MP: 2/2
  1113 | D:1      | Reached XP level 3. HP: 27/27 MP: 3/3
  1458 | D:2      | Reached skill level 1 in Armour
  1919 | D:3      | You fall through a shaft for 2 floors!
  1919 | D:5      | Entered Level 5 of the Dungeon
  1929 | D:5      | Reached skill level 1 in Polearms
  1929 | D:5      | Gained mutation: You regenerate health from kills. [demonic
                  | ancestry]
  1929 | D:5      | Reached XP level 4. HP: 16/33 MP: 4/4
  1953 | D:5      | Noticed a centaur
  1957 | D:5      | Noticed a hippogriff
  2006 | D:5      | HP: 1/33 [centaur/arrow (5)]
  2011 | D:5      | Slain by a quasit

Skill      XL: |  1  2  3 |
---------------+----------+-----
Unarmed Combat | 3 |  3.4
Dodging        | 3 |  3.1
Armour         | 1 |  1.6
Polearms       | 1 |  1.0
Fighting       | |  2.3
Throwing       | |  1.8
Stealth        | |  0.2

Action                   |  1- 3 |  4- 6 || total
-------------------------+-------+-------++-------
Melee: Unarmed           |    66 |       ||    66
       Punch             |     6 |     2 ||     8
       Spear             |    95 |    11 ||   106
  Use: Scroll            |     9 |       ||     9
       Potion            |       |     3 ||     3
 Stab: Sleeping          |     1 |       ||     1
  Eat: Chunk             |     3 |       ||     3
Armor: Leather armour    |    63 |    14 ||    77
Dodge: Dodged            |   142 |    25 ||   167
